 Dungeon Crawl Stone Soup version 0.30-a0-986-g7f2e898f52 (webtiles) character file.

Game seed: 8270924271960270476

347 Corto the Digger (level 6, 0/32 HPs)
             Began as a Gargoyle Earth Elementalist on Apr 2, 2023.
             Slain by Crazy Yiuf
             ... wielding a +4 quarterstaff of chaos
              (9 damage)
             ... while paralysed by Crazy Yiuf
             ... on level 3 of the Dungeon.
             The game lasted 00:05:10 (2661 turns).

Corto the Digger (Gargoyle Earth Elementalist)      Turns: 2661, Time: 00:05:11

Health: 0/32       AC:  6    Str: 12    XL:     6   Next: 59%
Magic:  9/12       EV:  2    Int: 23    God:
Gold:   109        SH:  0    Dex: 10    Spells: 9/13 levels left

rFire   . . .      SeeInvis .    l - +1 dagger (venom)
rCold   . . .      Faith    .    (no shield)
rNeg    + . .      Spirit   .    a - +0 robe
rPois   ∞          Reflect  .    (no helmet)
rElec   +          Rampage  .    (no cloak)
rCorr   .                        (no gloves)
Will    .....                    (no boots)
Stlth   ++                       (no amulet)
HPRegen 0.25/turn                q - +5 ring of evasion
MPRegen 0.13/turn                n - +6 ring of intelligence

@: paralysed
A: sickness immunity, AC +4, negative energy resistance 1, electricity
resistance, torment resistance 1, petrification resistance
a: no special abilities


You were on level 3 of the Dungeon.
You visited 1 branch of the dungeon, and saw 3 of its levels.

You collected 109 gold pieces.

Inventory:

Hand Weapons
 f - a +0 mace of holy wrath
 k - a +0 flail
 l - a +1 dagger of venom (weapon)
Armour
 a - a +0 robe (worn)
 o - the -2 cloak of Serendipity {Dex+6}
   (You found it on level 2 of the Dungeon)

   Dex:       It affects your dexterity (+6).
Jewellery
 h - a +6 ring of dexterity
 n - a +6 ring of intelligence (right hand)
 q - a +5 ring of evasion (left hand)
Scrolls
 e - a scroll of enchant armour {unknown}
 g - a scroll of immolation {unknown}
 i - 3 scrolls of identify {unknown}
 j - a scroll of fear {unknown}
 m - a scroll of amnesia {unknown}
Potions
 b - 2 potions of magic
 c - a potion of curing {unknown}
 d - a potion of lignification {unknown}
 p - a potion of ambrosia {unknown}
 r - a potion of resistance {unknown}
 s - a potion of heal wounds {unknown}
 t - a potion of attraction {unknown}
 u - 2 potions of degeneration {unknown}


   Skills:
 - Level 1.5 Dodging
 - Level 2.1 Stealth
 + Level 4.0 Spellcasting
 + Level 3.4 Conjurations
 - Level 0.7 Transmutations
 + Level 5.9 Earth Magic


You had 9 spell levels left.
You knew the following spells:

 Your Spells              Type           Power      Damage    Failure   Level
a - Sandblast             Erth           64%        2d14      1%          1
b - Stone Arrow           Conj/Erth      52%        3d10      4%          3

Your spell library contained the following spells:

 Spells                   Type           Power      Damage    Failure   Level
 Passwall                 Tmut/Erth      16%        N/A       4%          2
 Wereblood                Tmut           8%         N/A       12%         2
 Lesser Beckoning         Tloc           8%         N/A       16%         2
 Poisonous Vapours        Pois/Air       8%         N/A       16%         2
 Mephitic Cloud           Conj/Pois/Air  9%         N/A       21%         3
 Petrify                  Tmut/Erth      20%        N/A       26%         4
 Gell's Gravitas          Tloc           4%         N/A       30%         3
 Teleport Other           Tloc           4%         N/A       30%         3
 Summon Hydra             Summ           2%         N/A       100%        7
 Cigotuvi's Dreadful Rot  Necr/Pois/Air  Unusable   N/A       N/A         2
 Sublimation of Blood     Necr           Unusable   N/A       N/A         2

Dungeon Overview and Level Annotations

Branches:
Dungeon (3/15)

Altars:
Qazlal
Yredelemnul

Annotations:
D:3 Crazy Yiuf


Innate Abilities, Weirdness & Mutations

You are immune to sickness and miasma.
Your stone body is resilient. (AC +4)
You are immune to poison.
You resist negative energy. (rN+)
You are resistant to electric shocks. (rElec)
You are resistant to unholy torment.
You are immune to petrification.


Message History

Casting: Sandblast (safe; 1% risk of failure)
Confirm with . or Enter, or press ? or * to list all spells.
The blast of sand hits the orc but does no damage.
The orc shouts!
Casting: Sandblast (safe; 1% risk of failure)
Confirm with . or Enter, or press ? or * to list all spells.
The blast of sand hits the orc!!
You kill the orc!
t - a blue potion
Things that are here:
a +0 short sword; a +0 leather armour
There is a stone staircase leading up here.
u - 2 viscous pink potions
There is a stone staircase leading up here.
There is an open door here.
There is an open door here.
There is an open door here.
There is an escape hatch in the ceiling here.
There is an open door here.
There is an open door here.
You open the door.
Crazy Yiuf shouts!
Casting: Sandblast (safe; 1% risk of failure)
Confirm with . or Enter, or press ? or * to list all spells.
The blast of sand hits Crazy Yiuf!
Crazy Yiuf is heavily wounded.
Casting: Sandblast (safe; 1% risk of failure)
Confirm with . or Enter, or press ? or * to list all spells.
The blast of sand hits Crazy Yiuf.
Crazy Yiuf is severely wounded.
Crazy Yiuf zaps a wand.
The bolt of dispelling energy hits you!
Casting: Sandblast (safe; 1% risk of failure)
Confirm with . or Enter, or press ? or * to list all spells.
The blast of sand hits Crazy Yiuf.
Crazy Yiuf is almost dead.
Crazy Yiuf hits you with a +4 quarterstaff of chaos!
* * * LOW HITPOINT WARNING * * *
You suddenly lose the ability to move!
Crazy Yiuf hits you with a +4 quarterstaff of chaos!
You die... █████•█ █•••••••••█ •••██•█ █•••••••••█ •••██•████ █•••)•••••█ •••█•••••█ ███████████ •••█•••••█ •••∆•••••█ ███████ ██•█•••••██♣♣ ███ █•••••█ ⌂█████••••••♣♣ ♣♣█••)█ █•••••█ •███ █•••••••♣♣♣♣@g•••█ █•••••██ •••█ █••••••••♣••♣█•••█ █••••••█ █••█ █•••••••♣•♣♣♣ ███ █••••••█ •█•█ █•••██♣♣♣♣♣ █••••••██ ••██ █•••█ █•••••••█ █••█ █████ █████•••••█•██ •█•██████████ █•••••••••█••█ •••█••••••••█ █•••████████•██ █•██••••••••█ █•••█ █••••••••

You could see Crazy Yiuf.

Vanquished Creatures
  Grinder (D:3)
  5 adders
  3 gnolls (D:3)
  2 worms (D:2)
  2 dart slugs
  5 orcs (D:3)
  6 ball pythons
  5 endoplasms
  4 giant cockroaches
  4 goblins
  7 hobgoblins
  3 jackals (D:2)
  11 kobolds
  3 quokkas
  8 bats
  6 frilled lizards
  3 rats
78 creatures vanquished.

Notes
Turn   | Place    | Note
-------+----------+-------------------------------------------
     0 | D:1      | Corto the Gargoyle Earth Elementalist began the quest for
                  | the Orb.
     0 | D:1      | Reached XP level 1. HP: 10/10 MP: 3/3
   132 | D:1      | Reached XP level 2. HP: 15/15 MP: 1/5
   187 | D:1      | Reached skill level 4 in Earth Magic
   598 | D:1      | Reached XP level 3. HP: 19/19 MP: 0/6
   608 | D:1      | Learned a level 3 spell: Stone Arrow
   887 | D:2      | Reached skill level 1 in Conjurations
  1043 | D:2      | Reached XP level 4. HP: 24/24 MP: 5/8
  1359 | D:2      | Identified the -2 cloak of Serendipity {Dex+6}
  1599 | D:3      | Reached skill level 5 in Earth Magic
  1821 | D:3      | Found a runed translucent door.
  1822 | D:3      | Noticed Crazy Yiuf
  1867 | D:3      | Reached XP level 5. HP: 28/28 MP: 5/9
  1868 | D:3      | Noticed Grinder
  1872 | D:3      | Killed Grinder
  1873 | D:3      | Reached XP level 6. HP: 22/32 MP: 0/12
  1998 | D:3      | Found a stormy altar of Qazlal.
  2023 | D:3      | Found a basalt altar of Yredelemnul.
  2661 | D:3      | Paralysed by Crazy Yiuf for 3 turns
  2661 | D:3      | Slain by Crazy Yiuf

Illustrated notes

Levels and vault maps discovered:
D:1:      eino_arrival_cavern_d, layout_rooms
D:2:      layout_rooms, minmay_quadrilaterals
D:3:      layout_basic, nicolae_qazlal_eye_of_the_storm, marbit_many_paths,
          uniq_crazy_yiuf_cottage, uniq_grinder

Skill      XL: |  1  2  3  4  5 |
---------------+----------------+-----
Earth Magic    | 4 5 |  5.9
Conjurations   | 1 2 3 |  3.4
Spellcasting   | 3 4 |  4.0
Dodging        | |  1.5
Stealth        | |  2.1
Transmutations | |  0.7

Action                     |  1- 3 |  4- 6 || total
---------------------------+-------+-------++-------
  Melee: Mace              |     3 |       ||     3
         Dagger            |     6 |       ||     6
   Cast: Sandblast         |    51 |    55 ||   106
 Armour: Robe              |    12 |     1 ||    13
  Dodge: Dodged            |     6 |     5 ||    11

Table legend: (Time is in decaauts)
 A = Elapsed time spent in this place.
 B = Non-inter-level travel time spent in this place.
 C = Inter-level travel time spent in this place.
 D = Time resting spent in this place.
 E = Time spent auto-exploring this place.
 F = Levels seen in this place.
 G = Mean time per level.
                   A        B        C        D        E       F      G
               +--------+--------+--------+--------+--------+-----+--------+
         Total |   2710 |   2694 |     16 |     71 |   2248 |   3 |  903.3 |
       Dungeon |   2710 |   2694 |     16 |     71 |   2248 |   3 |  903.3 |
               +--------+--------+--------+--------+--------+-----+--------+

Top non-repeatable levels by time:
     D:3: 1104 daAuts
     D:2: 834 daAuts
     D:1: 772 daAuts
